 Dungeon Crawl Stone Soup version 0.18.1-6-gd335043 (webtiles) character file.

295 Implojin the Insei (level 6, -1/47 HPs)
             Began as a Mummy Monk on May 19, 2016.
             Slain by a hound (5 damage)
             ... on level 4 of the Dungeon.
             The game lasted 00:11:38 (6423 turns).

Implojin the Insei (Mummy Monk)                     Turns: 6423, Time: 00:11:38

Health: -1/47      AC:  2    Str: 14    XL:     6   Next: 11%
Magic:  6/6        EV: 13    Int:  9    God:
Gold:   227        SH:  0    Dex: 17    Spells: 0 memorised, 5 levels left

rFire  x . .     SeeInvis .       - Unarmed
rCold  + . .     Gourm    .     (no armour)
rNeg   + + +     Faith    .     (no shield)
rPois  ∞         Spirit   .     b - +1 hat
rElec  .         Dismiss  .     (no cloak)
rCorr  .         Reflect  .     (no gloves)
SustAt .         Harm     .     j - +0 pair of boots
MR     .....                    (no amulet)
Stlth  ++........               (no ring)
                                (no ring)

@: not resistant to hostile enchantments, unstealthy
A: no food or potions, fire vulnerability, cold resistance 1, negative energy
resistance 3, torment resistance, unbreathing
a: no special abilities


You were on level 4 of the Dungeon.
You were not hungry.

You visited 1 branch of the dungeon, and saw 4 of its levels.

You collected 227 gold pieces.

Inventory:

Armour
 b - a +1 hat (worn)
 j - a +0 pair of boots (worn)
Scrolls
 c - 3 scrolls of random uselessness
 d - a scroll of immolation
 e - a scroll of fog
 f - a scroll of magic mapping
Comestibles
 i - 2 bread rations (quivered)


   Skills:
 * Level 3.4 Fighting
 - Level 2.4 Dodging
 - Level 1.5 Stealth
 - Level 6.0 Unarmed Combat


You had 5 spell levels left.
You didn't know any spells.

Dungeon Overview and Level Annotations

Branches:
Dungeon (4/15)
 Temple: D:4-7

Altars:
Dithmenos
Elyvilon
Kikubaaqudgha
Nemelex Xobeh
Okawaru
Xom

Annotations:
D:4 Dowan, Duvessa, Grinder


Innate Abilities, Weirdness & Mutations

You do not eat or drink.
Your flesh is vulnerable to fire.
You are immune to poison.
Your flesh is cold resistant.
You are immune to negative energy.
You are immune to unholy pain and torment.
You can survive without breathing.


Message History

The phantom blinks!
Read which item? (? for menu, Esc to quit)
Okay, then.
Read which item? (? for menu, Esc to quit)
As you read the scroll labeled QEN LOPNICUR, it crumbles to dust.
You feel blessed for a moment.
It was a scroll of remove curse.
Read which item? (? for menu, Esc to quit)
As you read the scroll labeled CEMNIO BENICO, it crumbles to dust.
You assume a fearsome visage.
The hound resists with some effort.
The phantom is unaffected.
It was a scroll of fear.
The hound barely misses you. The hound bites you.
* * * LOW HITPOINT WARNING * * *
The phantom blinks!
The hound bites you but does no damage.
The phantom blinks!
The hound bites you.
* * * LOW HITPOINT WARNING * * *
Things that are here:
a club; a flail x2
Unknown command.
You miss the hound. The hound bites you.
* * * LOW HITPOINT WARNING * * *
The hound barely misses you.
You punch the hound!
The hound is heavily wounded.
The hound barely misses you.
Unknown command.
Read which item? (? for menu, Esc to quit)
Okay, then.
You closely miss the hound.
The hound is heavily wounded.
The hound misses you.
You barely miss the hound. Your punch misses the hound.
The hound is moderately wounded.
The hound misses you. x2
Unknown command.
You closely miss the hound.
The hound is moderately wounded.
The hound bites you.
You die...

#.........# #.#.##.# #.
PP.##.##.## #......# #.
≈PP.##.#### ##..h### #.
♣♣≈≈≈..(..# #...# #.
♣≈P≈#.#..# #...# ##
♣♣≈P..#..# #...# #
♣≈≈P.....########.§>######
♣≈≈≈P..#..##...............
≈P≈PP...#..@hW..............
...≈.......##...............
PP.###.###########...#####.
. #. #...# #. # #...# .
#...# e #...### . #[....# #.
#..##.# #.


You could see a phantom and a hound.

Vanquished Creatures
  2 worker ants (D:4)
  Natasha (thrice) (D:2)
  5 gnolls
  4 adders
  An adder skeleton (D:4)
  3 worms
  A dart slug (D:2)
  A giant gecko (D:2)
  9 orcs
  3 giant cockroaches
  3 goblins
  8 hobgoblins
  6 jackals
  A quokka (D:4)
  2 ball pythons (D:2)
  2 bats
  A giant gecko skeleton (D:4)
  2 giant newts
  5 kobolds
  11 rats
73 creatures vanquished.

Notes
Turn   | Place    | Note
--------------------------------------------------------------
     0 | D:1      | Implojin the Mummy Monk began the quest for the Orb.
     0 | D:1      | Reached XP level 1. HP: 18/18 MP: 1/1
   860 | D:2      | Reached XP level 2. HP: 20/24 MP: 2/2
  1027 | D:2      | Reached skill level 4 in Unarmed Combat
  1230 | D:2      | Noticed Natasha
  1247 | D:2      | Killed Natasha
  1247 | D:2      | Reached XP level 3. HP: 17/29 MP: 3/3
  1384 | D:2      | Noticed Natasha
  2197 | D:1      | Reached XP level 4. HP: 23/35 MP: 4/4
  2689 | D:2      | Killed Natasha
  3022 | D:2      | Noticed Natasha
  3199 | D:2      | Reached skill level 5 in Unarmed Combat
  3546 | D:2      | Killed Natasha
  3827 | D:2      | Reached XP level 5. HP: 39/41 MP: 5/5
  4232 | D:3      | Found a shimmering altar of Xom.
  4232 | D:3      | Found a shadowy altar of Dithmenos.
  4234 | D:3      | Found an iron altar of Okawaru.
  4235 | D:3      | Found a sparkling altar of Nemelex Xobeh.
  4236 | D:3      | Found an ancient bone altar of Kikubaaqudgha.
  4236 | D:3      | Found a white marble altar of Elyvilon.
  5388 | D:4      | Noticed Duvessa
  5388 | D:4      | Noticed Dowan
  5446 | D:4      | Noticed Grinder
  5623 | D:4      | Reached skill level 6 in Unarmed Combat
  5783 | D:4      | Paralysed by Grinder for 2 turns
  6163 | D:4      | Reached XP level 6. HP: 29/47 MP: 6/6
  6423 | D:4      | Slain by a hound

Skill      XL: |  1  2  3  4  5 |
---------------+----------------+-----
Unarmed Combat | 4 5 6 |  6.0
Fighting       | |  3.4
Dodging        | |  2.4
Stealth        | |  1.5

Action                   |  1- 3 |  4- 6 || total
-------------------------+-------+-------++-------
Melee: Unarmed           |    96 |   269 ||   365
       Punch             |     2 |     5 ||     7
  Use: Scroll            |     3 |     6 ||     9
 Stab: Sleeping          |     2 |     3 ||     5
Armor: Skin              |     4 |    17 ||    21
Dodge: Dodged            |    61 |   144 ||   205

Table legend:
 A = Turns spent in this place as a percentage of turns spent in the entire game.
 B = Non-inter-level travel turns spent in this place as a percentage of non-inter-level travel turns spent in the entire game.
 C = Inter-level travel turns spent in this place as a percentage of turns spent in this place.
 D = Turns resting spent in this place as a percentage of non-inter-level travel turns spent in this place.
 E = Turns spent auto-exploring this place as a percentage of non-inter-level travel turns spent in this place.
 F = Non-inter-level travel turns spent in this place divided by the number of levels of this place that you've seen.
                   A       B       C       D       E      F
               +-------+-------+-------+-------+-------+----------------------
         Total | 100.0 | 100.0 |   0.4 |   6.6 |   7.1 | 396.0
       Dungeon | 100.0 | 100.0 |   0.4 |   6.6 |   7.1 | 396.0
               +-------+-------+-------+-------+-------+----------------------

Table legend:
 A = Kills in this place as a percentage of kills in entire the game.
 B = Kills by you in this place as a percentage of kills by you in the entire game.
 C = Kills by friends in this place as a percentage of kills by friends in the entire game.
 D = Other kills in this place as a percentage of other kills in the entire game.
 E = Experience gained in this place as a percentage of experience gained in the entire game.
 F = Experience gained in this place divided by the number of levels of this place that you have seen.
                   A       B       C       D       E      F
               +-------+-------+-------+-------+-------+----------------------
         Total | 100.0 | 100.0 |  -nan |  -nan | 100.0 | 105.5
       Dungeon | 100.0 | 100.0 |  -nan |  -nan | 100.0 | 105.5
               +-------+-------+-------+-------+-------+----------------------
